 Dungeon Sprint DCSS version 0.30.1-4-g462c640d31 (webtiles) character file.

Game seed: 17141877283166890664

9275 Heoruswealwe the Ninja (level 11, -2/60 HPs)
             Began as a Spriggan Artificer on Sept 7, 2023.
             Was an Initiate of Gozag.
             Slain by a demonic crawler (16 damage)
             ... in the Dungeon (Sprint I: "Red Sonja").
             The game lasted 00:35:37 (1448 turns).

Heoruswealwe the Ninja (Spriggan Artificer)         Turns: 1448, Time: 00:35:37

Health: -2/60      AC:  2    Str:  8    XL:     11   Next: 20%
Magic:  12/12      EV: 29    Int: 13    God:    Gozag
Gold:   57         SH:  0    Dex: 20    Spells: 10/10 levels left

rFire   + . .        a - +12 pair of quick blades "Gyre" and "Gimble" {protect}
rCold   + . .        (shield currently unavailable)
rNeg    . . .        c - +0 robe "Useasmus" {Fly rElec Will-}
rPois   .            (helmet restricted)
rElec   +            h - scarf {rC+ rF+}
rCorr   .            (gloves unavailable)
SInv    +            (boots unavailable)
Will    .....        (no amulet)
Stlth   ++++++++++   (no ring)
HPRegen 0.30/turn    (no ring)
MPRegen 0.13/turn

%: no teleportation
@: flying, very quick
A: very small, no large weapons, unfitting armour, see invisible, speed 3
a: Renounce Religion, Potion Petition, Call Merchant, Bribe Branch


You were in the Dungeon.
You worshipped Gozag.
Gozag was noncommittal.
You visited 1 branch You collected 3987 gold pieces.
You spent 3898 gold pieces at shops.
You donated 32 gold pieces to Zin.

Inventory:

Hand Weapons
 a - the +12 pair of quick blades "Gyre" and "Gimble" (weapon) {protect}
   (You bought it in a shop in the Dungeon)
Armour
 c - the +0 robe "Useasmus" (worn) {Fly rElec Will-}
   (You bought it in a shop in the Dungeon)

   rElec:     It insulates you from electricity.
   Fly:       It grants you flight.
   Will:      It decreases your willpower.
 h - a scarf of resistance (worn)
 x - a +1 cloak of preservation
 y - a +2 robe of positive energy
Jewellery
 s - a ring of resist corrosion
Wands
 b - a wand of flame (4) (quivered)
 d - a wand of charming (14)
 g - a wand of mindburst (3)
 j - a wand of polymorph (4)
 p - a wand of roots (8)
Scrolls
 i - a scroll of identify
 k - a scroll of blinking
 n - 2 scrolls of enchant armour
 o - 2 scrolls of silence
 r - a scroll of enchant weapon
Potions
 f - 3 potions of curing
 m - a potion of haste
 t - 4 potions of mutation
 w - a potion of might


   Skills:
 + Level 8.7 Fighting
 + Level 11.3 Short Blades
 * Level 14.4 Dodging
 O Level 27 Stealth
 + Level 13.8 Evocations


You had 10 spell levels left.
You didn't know any spells.
Your spell library contained the following spells:

 Spells                   Type           Power      Damage    Failure   Level
 Summon Small Mammal      Summ           0%         N/A       30%         1
 Call Canine Familiar     Summ           0%         N/A       67%         3
 Ozocubu's Armour         Ice            0%         N/A       67%         3
 Summon Guardian Golem    Hex/Summ       0%         N/A       67%         3
 Metabolic Englaciation   Hex/Ice        0%         N/A       100%        5
 Simulacrum               Ice/Necr       Unusable   N/A       N/A         6

Dungeon Overview and Level Annotations

Branches:
Dungeon (1/1)

Altars:
Cheibriados
Dithmenos
Elyvilon
Fedhas
Gozag
Hepliaklqana
Kikubaaqudgha
Makhleb
Nemelex Xobeh
Okawaru
Qazlal
Ru
Sif Muna
Trog
Uskayaw
Vehumet
Wu Jian
Xom
Yredelemnul
Zin
The Shining One
Jiyva
Lugonu

Shops:
D ([!(([*[!?*[[[*?**([:


Innate Abilities, Weirdness & Mutations

You are very small and have problems with some larger weapons.
You are too small for most types of armour.
You have supernaturally acute eyesight. (SInv)
You cover ground extremely quickly. (Speed+++)


Message History

The grasping roots constrict the demonic crawler.
The demonic crawler struggles to escape constriction.
The demonic crawler escapes!
Aiming: Fastroot
Press: ? - help, Shift-Dir - straight line, f/p - demonic crawler
Aim: a demonic crawler (heavily wounded, constricted by roots)
The roots erupt in riotous growth!
The demonic crawler is unaffected.
Roots grab the demonic crawler. x2
The grasping roots constrict the demonic crawler! x3
The demonic crawler struggles to escape constriction.
The demonic crawler escapes!
The demonic crawler struggles to escape constriction. x2
Aiming: Mindburst
Press: ? - help, Shift-Dir - straight line, f/p - demonic crawler
Aim: a demonic crawler (heavily wounded, chance to affect: 72%)
The demonic crawler struggles to resist.
The grasping roots constrict the demonic crawler! x2
The demonic crawler struggles to escape constriction.
The demonic crawler escapes!
The demonic crawler closely misses you. The demonic crawler misses you.
The demonic crawler completely misses you.
The demonic crawler struggles to escape constriction.
The grasping roots constrict the demonic crawler!
The grasping roots constrict the demonic crawler!
The demonic crawler escapes!
There is an open door here.
There is an open door here.
Aiming: Mindburst
Press: ? - help, Shift-Dir - straight line, f/p - demonic crawler
Aim: a demonic crawler (chance to affect: 72%)
The demonic crawler struggles to resist.
Aiming: Charm
Press: ? - help, Shift-Dir - straight line, f/p - demonic crawler
Aim: a demonic crawler (chance to affect: 43%)
The demonic crawler resists with some effort.
The demonic crawler misses you. x2; The demonic crawler hits you!
* * * LOW HITPOINT WARNING * * *
The demonic crawler hits you!
You die...
Your body crumbles into a pile of gold.

########################
#<.#..'[s#..'..#__#.$'..
#..').#@s's.#..'..'.$#.s
#..#####'#####'#__####).
#..####..#...#)####§.###
#..#__####..##.#~§§§§#..
#..#_____##'#_.+§~§§.+..
#⌠⌠#_.∩...'..._#~~§..#..
####_..__##_.#'##+#####'
*$$#_____###'#[#(())###.
############)####'###[##


You could see 3 demonic crawlers.

Vanquished Creatures
  2 centaur warriors (D)
  Sonja (D)
  A deep troll (D)
  8 shining eyes (D)
  An oklob plant (D)
  A demonic crawler (D)
  2 unseen horrors (D)
  2 kobold demonologists (D)
  A hornet (D)
  A slime creature (D)
  Sigmund (D)
  A yak (D)
  2 redbacks (D)
  6 floating eyes (D)
  An ogre (D)
  7 necrophages (D)
  8 jellies (D)
  Ijyb (D)
47 creatures vanquished.

Vanquished Creatures (others)
  2 ballistomycete spores (D)
2 creatures vanquished.

Grand Total: 49 creatures vanquished

Notes
Turn   | Place    | Note
-------+----------+-------------------------------------------
     0 | D        | Heoruswealwe the Spriggan Artificer began the quest for the
                  | Orb.
     0 | D        | Reached XP level 1. HP: 9/9 MP: 2/2
     1 | D        | Noticed Ijyb
     3 | D        | Killed Ijyb
     4 | D        | Reached skill level 8 in Stealth
     4 | D        | Reached XP level 2. HP: 14/14 MP: 3/3
    15 | D        | Noticed an ogre
    18 | D        | Killed an ogre
    19 | D        | Reached skill level 14 in Stealth
    19 | D        | Reached XP level 3. HP: 17/17 MP: 4/4
    19 | D        | Reached XP level 4. HP: 21/21 MP: 5/5
    28 | D        | Noticed Sigmund
    38 | D        | Killed Sigmund
    39 | D        | Reached skill level 18 in Stealth
    39 | D        | Reached XP level 5. HP: 12/25 MP: 6/6
    39 | D        | Reached XP level 6. HP: 14/29 MP: 7/7
   104 | D        | Found an ornate altar of the Wu Jian Council.
   104 | D        | Found a shimmering blue altar of Sif Muna.
   106 | D        | Found a radiant altar of Vehumet.
   111 | D        | Reached skill level 19 in Stealth
   139 | D        | Found Ziadwur's Antique Weapon Emporium.
   139 | D        | Found an ancient bone altar of Kikubaaqudgha.
   139 | D        | Found a hazy altar of Hepliaklqana.
   139 | D        | Found a stormy altar of Qazlal.
   139 | D        | Found a hide-covered altar of Uskayaw.
   139 | D        | Found a blossoming altar of Fedhas.
   139 | D        | Found a bloodstained altar of Trog.
   139 | D        | Found an iron altar of Okawaru.
   139 | D        | Found a basalt altar of Yredelemnul.
   139 | D        | Found a glowing golden altar of the Shining One.
   139 | D        | Found a snail-covered altar of Cheibriados.
   139 | D        | Found a sacrificial altar of Ru.
   139 | D        | Found a glowing silver altar of Zin.
   139 | D        | Found a shadowy altar of Dithmenos.
   139 | D        | Found a white marble altar of Elyvilon.
   139 | D        | Noticed a yak
   140 | D        | Found an opulent altar of Gozag.
   141 | D        | Killed a yak
   142 | D        | Reached skill level 21 in Stealth
   142 | D        | Found a sparkling altar of Nemelex Xobeh.
   147 | D        | Became a worshipper of Zin the Law-Giver
   147 | D        | Reached * piety under Zin
   147 | D        | Reached ** piety under Zin
   147 | D        | Reached *** piety under Zin
   147 | D        | Reached **** piety under Zin
   147 | D        | Reached ***** piety under Zin
   147 | D        | Reached ****** piety under Zin
   156 | D        | Noticed Sonja
   169 | D        | Killed Sonja
   170 | D        | Reached skill level 25 in Stealth
   170 | D        | Reached XP level 7. HP: 13/32 MP: 8/8
   197 | D        | Found Zimeix's Weapon Boutique.
   274 | D        | Noticed a shining eye
   274 | D        | Noticed a shining eye
   274 | D        | Noticed a shining eye
   274 | D        | Noticed a shining eye
   274 | D        | Noticed a shining eye
   274 | D        | Noticed a shining eye
   277 | D        | Reached skill level 1 in Fighting
   277 | D        | Reached skill level 1 in Short Blades
   277 | D        | Reached XP level 8. HP: 37/37 MP: 9/9
   277 | D        | Noticed a shining eye
   277 | D        | Noticed a shining eye
   285 | D        | Reached skill level 5 in Evocations
   285 | D        | Paralysed by a floating eye for 2 turns
   290 | D        | Killed a shining eye
   291 | D        | Paralysed by a floating eye for 4 turns
   309 | D        | Killed a shining eye
   310 | D        | Reached skill level 5 in Short Blades
   310 | D        | Reached XP level 9. HP: 45/45 MP: 10/10
   337 | D        | Killed a shining eye
   338 | D        | Reached skill level 26 in Stealth
   351 | D        | Killed a shining eye
   352 | D        | Reached skill level 5 in Fighting
   371 | D        | Killed a shining eye
   382 | D        | Killed a shining eye
   399 | D        | Killed a shining eye
   400 | D        | Reached skill level 10 in Dodging
   400 | D        | Reached skill level 10 in Evocations
   400 | D        | Reached XP level 10. HP: 53/53 MP: 11/11
   413 | D        | Killed a shining eye
   436 | D        | Fell from the grace of Zin
   436 | D        | Became a worshipper of Gozag Ym Sagoz the Greedy
   444 | D        | Noticed a deep troll
   448 | D        | Killed a deep troll
   449 | D        | Reached skill level 27 in Stealth
   459 | D        | Found Nuimupot's Armour Emporium.
   604 | D        | Found Odia's Armour Shoppe.
   604 | D        | Found Soriss's Weapon Shop.
   604 | D        | Found Tuuhuj's Distillery.
   604 | D        | Found Unuat's Antique Armour Boutique.
   608 | D        | Bought a +0 cloak for 45 gold pieces
   617 | D        | Bought a thick robe for 148 gold pieces
   617 | D        | Identified the +0 robe "Useasmus" {Fly rElec Will-} (You
                  | bought it in a shop in the Dungeon)
   664 | D        | Found a burning altar of Makhleb.
   664 | D        | Found a viscous altar of Jiyva.
   664 | D        | Found a shimmering altar of Xom.
   664 | D        | Found a corrupted altar of Lugonu.
   741 | D        | Bought the +12 pair of quick blades "Gyre" and "Gimble"
                  | {protect} for 850 gold pieces
   741 | D        | Found the +12 pair of quick blades "Gyre" and "Gimble"
                  | {protect}
   833 | D        | Noticed a centaur warrior
   833 | D        | Noticed a centaur warrior
   839 | D        | Killed a centaur warrior
   841 | D        | Killed a centaur warrior
   842 | D        | Reached skill level 10 in Short Blades
  1032 | D        | Bought a scarf of resistance for 416 gold pieces
  1089 | D        | Noticed an oklob plant
  1091 | D        | Killed an oklob plant
  1109 | D        | Reached XP level 11. HP: 60/60 MP: 12/12
  1243 | D        | Found Vuim's Antique Armour Shoppe.
  1243 | D        | Found Cinus's Assorted Antiques.
  1243 | D        | Found Diloux's Distillery.
  1249 | D        | Found Icourieg's General Store.
  1249 | D        | Found Ethoick's Book Emporium.
  1249 | D        | Found Fofy's Weapon Emporium.
  1251 | D        | Found Baenack's Assorted Antiques.
  1251 | D        | Found Xerriut's Magic Scroll Shoppe.
  1251 | D        | Found Impautiw's General Store.
  1251 | D        | Found Gonyn's Antique Armour Emporium.
  1251 | D        | Found Uboxzak's Antique Armour Boutique.
  1251 | D        | Found Meed's Armour Shoppe.
  1251 | D        | Found Lagiq's Assorted Antiques.
  1255 | D        | Found Timi's Magic Scroll Emporium.
  1256 | D        | Bought a scroll labelled FORIVO WEAHEZ for 28 gold pieces
  1256 | D        | Bought a scroll labelled FORIVO WEAHEZ for 28 gold pieces
  1256 | D        | Bought a forked iron wand for 112 gold pieces
  1256 | D        | Bought a scroll labelled LIOLI SAVE BAN for 28 gold pieces
  1256 | D        | Bought 3 scrolls labelled LIOLI SAVE BAN for 84 gold pieces
  1256 | D        | Bought a metallic green potion for 25 gold pieces
  1256 | D        | Bought a notched garnet ring for 140 gold pieces
  1256 | D        | Bought a coppery potion for 25 gold pieces
  1259 | D        | Bought a tattered robe for 85 gold pieces
  1259 | D        | Identified the +0 robe "Imoal" {Will+} (You bought it in a
                  | shop in the Dungeon)
  1262 | D        | Bought a scroll labelled USTECK FIL IDU for 21 gold pieces
  1262 | D        | Bought a scroll labelled YME JITIFYJYU for 21 gold pieces
  1262 | D        | Bought a scroll labelled FORIVO WEAHEZ for 21 gold pieces
  1262 | D        | Bought a bubbling blue potion for 18 gold pieces
  1266 | D        | Bought a scroll labelled XOKUTWIRAU for 21 gold pieces
  1266 | D        | Bought a scroll labelled XOKUTWIRAU for 21 gold pieces
  1266 | D        | Bought a glowing robe for 77 gold pieces
  1266 | D        | Bought a coppery potion for 18 gold pieces
  1272 | D        | Bought a scroll of identify for 24 gold pieces
  1272 | D        | Bought a scroll of identify for 24 gold pieces
  1272 | D        | Bought a scroll of identify for 24 gold pieces
  1314 | D        | Bought a scroll of identify for 26 gold pieces
  1314 | D        | Bought a scroll of identify for 26 gold pieces
  1314 | D        | Bought a scroll of identify for 26 gold pieces
  1314 | D        | Bought a scroll of identify for 26 gold pieces
  1338 | D        | Bought a potion of mutation for 80 gold pieces
  1338 | D        | Bought a scroll of silence for 95 gold pieces
  1338 | D        | Bought a wand of polymorph (5) for 70 gold pieces
  1338 | D        | Bought a potion of mutation for 80 gold pieces
  1338 | D        | Bought a potion of curing for 30 gold pieces
  1338 | D        | Bought a potion of ambrosia for 80 gold pieces
  1340 | D        | Bought a scroll of blinking for 210 gold pieces
  1341 | D        | Bought a scroll of enchant armour for 97 gold pieces
  1341 | D        | Bought a scroll of enchant armour for 97 gold pieces
  1341 | D        | Bought a scroll of blinking for 97 gold pieces
  1342 | D        | Bought a scroll of amnesia for 52 gold pieces
  1342 | D        | Bought a scroll of enchant weapon for 97 gold pieces
  1343 | D        | Bought a faintly glowing orb for 210 gold pieces
  1343 | D        | Identified the orb of Death's Door {*Rage, rF- Str+3 Dex+5}
                  | (You bought it in a shop in the Dungeon)
  1344 | D        | Bought a runed cloak for 195 gold pieces
  1448 | D        | Slain by a demonic crawler

Illustrated notes

Levels and vault maps discovered:
D:        dungeon_sprint_1 [red_sonja_temple_1, red_sonja_temple_small_1]

Skill      XL: |  1  2  3  4  5  6  7  8  9 10 11 |
---------------+----------------------------------+-----
Stealth        | 8 14 18 25 26 27 | 27.0
Fighting       | 1 4 6 8 |  8.7
Short Blades   | 1 5 7 10 11 | 11.3
Dodging        | 7 10 13 14 | 14.4
Evocations     | 7 10 13 | 13.8

Action                     |  1- 3 |  4- 6 |  7- 9 | 10-12 || total
---------------------------+-------+-------+-------+-------++-------
  Melee: Dagger            |     1 |     4 |       |       ||     5
         Short sword       |       |       |    83 |    16 ||    99
         Punch             |       |       |     2 |     1 ||     3
         Pair of quick bla |       |       |       |    24 ||    24
  Evoke: Wand              |     3 |     5 |       |    27 ||    35
    Use: Potion            |       |     1 |       |     1 ||     2
         Scroll            |       |       |       |    13 ||    13
   Stab: Paralysed         |     1 |     1 |       |       ||     2
         Sleeping          |       |     2 |     5 |    17 ||    24
         Distracted        |       |       |       |     2 ||     2
 Armour: Robe              |       |       |       |     2 ||     2
  Dodge: Dodged            |       |     6 |       |    37 ||    43
